Map: Acid Plant LE

Players

IlIlIlIlIlIl

  • Race: Protoss Protoss
  • League: Grandmaster
  • Spawn Location: 5:00

SpeCial - Winner!

  • Race: Terran Terran
  • League: Master
  • Spawn Location: 11:00

VOD

Have the link to the VOD?

Description

Time

  • Played on: Feb. 13, 2018, 9:22 a.m.
  • Length: 16:34
Show
View Real Time Build Order
Export as new Build Order

IlIlIlIlIlIl Protoss 

Build Orders: 1 Gate Expand, Oracle Opening, Phoenix Opening, Zealot Archon 

Get SALT Encoding   

  12  0:00  Probe  
  13  0:13  Probe  
  14  0:17  Pylon  
  14  0:25  Probe (Chrono Boost)  
  15  0:37  Probe (Chrono Boost), Gateway  
  16  0:44  Probe (Chrono Boost)  
  16  0:45  Assimilator  
  17  0:51  Probe  
  18  1:03  Probe  
  19  1:15  Probe  
  20  1:21  Nexus  
  20  1:33  Cybernetics Core  
  20  1:34  Probe  
  20  1:39  Assimilator  
  21  1:47  Probe  
  22  1:50  Pylon  
  22  1:59  Probe  
  23  2:07  Adept (Chrono Boost)  
  23  2:11  Probe  
  23  2:15  Stargate  
  26  2:19  Warp Gate  
  26  2:23  Probe  
  27  2:33  Probe  
  27  2:35  Probe  
  29  2:38  Adept (Chrono Boost)  
  31  2:45  Probe  
  31  2:47  Probe  
  33  2:56  Adept (Chrono Boost), Oracle (Chrono Boost)  
  33  2:57  Probe  
  36  2:59  Probe  
  36  3:04  Pylon  
  40  3:09  Probe  
  40  3:11  Probe  
  42  3:21  Probe  
  42  3:23  Probe  
  44  3:29  Phoenix, Assimilator  
  44  3:30  Assimilator  
  44  3:33  Probe  
  47  3:35  Probe  
  48  3:43  Gateway  
  48  3:44  Gateway  
  48  3:45  Probe  
  49  3:48  Pylon  
  49  3:49  Probe  
  49  3:54  Forge  
  50  3:57  Probe  
  50  4:02  Phoenix (Chrono Boost)  
  53  4:03  Probe  
  53  4:09  Probe  
  53  4:19  Phoenix (Chrono Boost)  
  53  4:22  Probe  
  53  4:23  Probe, Protoss Ground Armor Level 1 (Chrono Boost)  
  57  4:34  Probe  
  57  4:35  Probe, Twilight Council  
  59  4:42  Pylon  
  59  4:43  Phoenix  
  61  4:46  Probe  
  62  5:00  Probe  
  62  5:02  Probe  
  62  5:04  Pylon  
  62  5:05  Nexus  
  62  5:06  Charge (Chrono Boost)  
  64  5:08  Phoenix  
  66  5:16  Gateway  
  66  5:18  Gateway  
  66  5:23  Gateway  
  66  5:25  Probe  
  67  5:31  Probe  
  67  5:33  Phoenix  
  70  5:44  Probe  
  70  5:47  Probe, Templar Archives  
  70  5:49  Sentry, Gateway  
  74  5:50  Gateway  
  74  5:51  Sentry  
  71  5:57  Stalker  
  71  5:59  Probe  
  74  6:04  Probe  
  74  6:11  Probe  
  76  6:15  Protoss Ground Armor Level 2 (Chrono Boost)  
  76  6:19  Probe  
  76  6:20  Probe  
  78  6:26  Probe  
  78  6:30  Pylon  
  78  6:32  Probe x2  
  81  6:38  High Templar x2  
  81  6:39  Zealot x2  
  90  6:40  Probe  
  90  6:48  Probe x2  
  92  6:55  Probe  
  91  7:04  Zealot x4, Archon  
  91  7:07  Pylon  
  91  7:08  Pylon  
  99  7:12  Zealot  
  99  7:15  Pylon  
  101  7:16  Pylon  
  101  7:18  Pylon  
  101  7:25  Probe  
  101  7:26  High Templar  
  101  7:27  Zealot x5, High Templar  
  116  7:31  Archon  
  116  7:35  Pylon  
  116  7:38  Probe  
  116  7:39  Phoenix (Chrono Boost), Photon Cannon  
  116  7:40  Pylon  
  119  7:44  Assimilator  
  119  7:48  Assimilator  
  119  7:55  Phoenix (Chrono Boost)  
  119  7:58  Zealot x2  
  125  8:07  Zealot x6  
  129  8:20  Phoenix  
  129  8:25  High Templar x2  
  129  8:27  Probe x2  
  137  8:28  Zealot x2, Photon Cannon  
  137  8:30  Protoss Ground Weapons Level 1 (Chrono Boost)  
  137  8:32  Pylon  
  141  8:34  Pylon  
  141  8:42  Archon  
  141  8:46  Robotics Facility  
  141  8:50  Probe  
  141  8:51  High Templar x2  
  141  8:53  Zealot x2  
  141  8:54  Nexus  
  141  8:55  Pylon, Archon  
  150  9:09  Probe  
  151  9:21  High Templar x2  
  151  9:22  Zealot x3  
  151  9:23  Zealot  
  151  9:24  Zealot  
  165  9:28  Pylon, Archon  
  165  9:33  Pylon  
  165  9:38  Pylon  
  165  9:39  Robotics Bay  
  165  9:40  Robotics Facility  
  165  9:45  Observer (Chrono Boost)  
  165  9:48  Stalker x5  
  172  9:52  Probe  
  172  9:59  Zealot x3  
  176  10:11  Zealot x4  
  176  10:12  Zealot  
  169  10:27  Colossus x2 (Chrono Boost)  
  149  10:35  Zealot x4  
  145  10:37  Protoss Ground Weapons Level 2 (Chrono Boost)  
  145  10:41  Stalker  
  145  10:42  Stalker  
  153  10:49  Extended Thermal Lance (Chrono Boost)  
  153  11:01  Probe x3  
  156  11:08  Probe  
  157  11:13  Probe  
  157  11:14  Colossus  
  157  11:16  Zealot x4  
  171  11:27  Blink (Chrono Boost)  
  171  11:28  Zealot x4  
  162  11:42  Zealot x2  
  162  11:43  Zealot x2  
  158  11:53  Zealot x4  
  156  11:55  Probe x3  
  157  12:04  Colossus (Chrono Boost)  
  161  12:11  Probe x2  
  161  12:12  Probe x2  
  165  12:23  Probe  
  165  12:25  High Templar x6  
  165  12:29  Archon  
  178  12:32  Archon  
  178  12:33  Archon  
  178  12:35  Zealot  
  178  12:36  Zealot  
  180  12:51  Probe x2  
  176  12:59  Stalker x4  
  176  13:00  Stalker x2  
  176  13:02  Protoss Ground Weapons Level 3 (Chrono Boost)  
  177  13:16  Stalker x2  
  181  13:26  Zealot x2  
  181  13:27  Zealot x4  
  112  13:43  Stalker x2  
  112  13:46  Zealot  
  110  13:50  Stalker x4  
  110  13:51  Stalker  
  118  13:57  Probe  
  115  14:03  Probe  
  115  14:06  Probe  
  115  14:11  Stalker x3  
  115  14:13  Stalker x4  
  115  14:15  Sentry  
  131  14:20  Probe x2  
  131  14:21  Probe x2  
  135  14:25  Dark Shrine  
  130  14:47  Zealot  
  130  14:48  Zealot x6  
  142  14:59  Stalker  
  133  15:06  Probe  
  95  15:10  Probe  
  95  15:13  Sentry x4  
  95  15:14  Sentry  
  86  15:20  Warp Prism (Chrono Boost)  
  86  15:37  Dark Templar  
  86  15:41  Dark Templar  
  84  16:06  Dark Templar x3  
  84  16:10  Archon  
  84  16:11  Dark Templar  
  92  16:14  Archon  
  92  16:20  Pylon  
Show
View Real Time Build Order
Export as new Build Order

SpeCial Terran - Winner!

Build Orders: Reaper Expand, MMM Bio 

Get SALT Encoding   

  12  0:00  SCV  
  13  0:12  SCV  
  14  0:17  Supply Depot  
  14  0:25  SCV  
  15  0:38  SCV  
  15  0:40  Barracks  
  16  0:44  Refinery  
  16  0:50  SCV  
  17  1:02  SCV  
  18  1:15  SCV  
  19  1:27  Reaper, Orbital Command  
  20  1:40  Command Center  
  20  1:52  Supply Depot  
  20  1:53  SCV  
  21  1:59  Marine  
  22  2:05  SCV  
  23  2:08  Factory  
  23  2:16  Engineering Bay  
  23  2:21  Barracks Reactor  
  23  2:22  SCV  
  24  2:29  Refinery  
  24  2:34  SCV  
  25  2:46  SCV  
  26  2:54  Orbital Command  
  26  2:58  Starport  
  26  2:59  SCV  
  26  3:03  Hellion  
  31  3:05  Hellion  
  31  3:11  SCV  
  32  3:21  SCV  
  32  3:23  SCV  
  34  3:32  Marine x2  
  34  3:33  SCV  
  37  3:34  Widow Mine  
  37  3:35  SCV  
  37  3:37  Viking  
  37  3:40  Supply Depot  
  42  3:45  SCV  
  42  3:47  SCV  
  43  3:50  Marine x2, Barracks  
  45  3:58  SCV  
  45  4:00  Factory Tech Lab  
  45  4:02  SCV  
  47  4:04  Liberator  
  47  4:05  Supply Depot  
  47  4:08  Marine x2  
  49  4:10  SCV  
  49  4:14  SCV  
  49  4:22  SCV  
  51  4:26  SCV  
  51  4:27  Supply Depot, Marine x2, Factory Tech Lab  
  54  4:34  SCV  
  54  4:37  Engineering Bay  
  55  4:38  SCV  
  55  4:45  Marine x2  
  56  4:46  SCV, Siege Tank  
  56  4:48  Stimpack, Marine  
  56  4:50  Supply Depot, SCV  
  64  4:58  SCV  
  65  5:03  SCV, Marine x2  
  65  5:04  Terran Infantry Weapons Level 1  
  68  5:10  Starport Reactor, SCV  
  68  5:12  Marine  
  68  5:13  Refinery  
  70  5:14  Supply Depot, Barracks  
  70  5:15  SCV  
  70  5:21  Marine  
  72  5:22  SCV  
  72  5:27  SCV  
  72  5:28  Supply Depot, Marine  
  77  5:32  Supply Depot  
  78  5:35  Marine  
  78  5:40  SCV  
  73  5:44  SCV  
  73  5:47  Command Center  
  74  5:51  Supply Depot  
  74  5:54  Missile Turret, Marine x3  
  74  5:57  Factory Reactor  
  77  6:00  Medivac x2  
  77  6:03  Refinery  
  81  6:10  SCV  
  79  6:12  Marine x3  
  79  6:13  SCV  
  79  6:22  SCV  
  81  6:25  SCV  
  81  6:27  Barracks  
  81  6:29  Barracks  
  81  6:31  Marine x2  
  81  6:32  Medivac x2, Marauder  
  89  6:34  Widow Mine, SCV  
  89  6:37  SCV  
  89  6:38  Widow Mine  
  93  6:46  SCV  
  94  6:49  SCV  
  94  6:50  Marine  
  94  6:51  Marine, Combat Shields  
  97  7:00  SCV  
  98  7:01  Orbital Command  
  98  7:02  Missile Turret  
  98  7:03  Medivac x2  
  98  7:05  Widow Mine x2  
  98  7:08  SCV  
  106  7:10  Marine  
  106  7:11  Marine, Marauder  
  106  7:12  SCV, Marauder  
  113  7:19  Barracks Reactor, Barracks Tech Lab  
  113  7:20  SCV  
  113  7:24  SCV  
  113  7:26  Widow Mine x2  
  113  7:28  SCV  
  119  7:30  Terran Infantry Armor Level 1  
  119  7:32  SCV  
  119  7:35  Marine x2, Marauder  
  119  7:36  SCV  
  125  7:37  Supply Depot  
  125  7:41  Liberator  
  125  7:50  Supply Depot  
  125  7:55  Concussive Shells  
  125  7:58  SCV, Marine x4  
  125  8:02  SCV, Marine  
  133  8:10  SCV, Marine  
  133  8:12  Marauder  
  133  8:13  Widow Mine x2  
  133  8:18  Medivac  
  133  8:19  SCV  
  127  8:22  Marine x3, Marauder  
  127  8:23  Marine  
  127  8:26  Supply Depot, SCV  
  124  8:27  Supply Depot  
  124  8:28  Marauder  
  124  8:29  Armory  
  124  8:30  Engineering Bay  
  126  8:35  Widow Mine x2, Supply Depot  
  126  8:41  Medivac  
  126  8:43  Marine x4  
  126  8:44  Refinery x2  
  126  8:46  Marauder x2  
  136  8:48  Medivac  
  136  8:53  Barracks  
  136  8:54  Barracks  
  137  8:56  Barracks, Marauder  
  137  9:00  Missile Turret  
  137  9:01  Marine  
  140  9:05  SCV x3  
  140  9:07  Marauder  
  145  9:10  Marine x2  
  145  9:11  Marine, Medivac, Marauder  
  145  9:13  Widow Mine  
  145  9:14  Widow Mine  
  156  9:17  SCV  
  156  9:22  Missile Turret  
  157  9:25  Marine, Marauder  
  157  9:28  Marine x3, Terran Infantry Weapons Level 2  
  163  9:31  Terran Infantry Armor Level 2  
  163  9:32  Marauder  
  165  9:43  Widow Mine  
  165  9:44  Supply Depot  
  165  9:50  Supply Depot  
  165  9:51  Supply Depot  
  165  9:52  Widow Mine  
  165  9:54  Barracks Reactor, Barracks Tech Lab  
  165  9:58  Marine, Marauder  
  165  9:59  Medivac  
  165  10:05  Marine x2, Medivac  
  165  10:06  Marauder  
  171  10:11  Barracks Tech Lab  
  171  10:12  Supply Depot x2, Ghost Academy  
  171  10:20  Liberator  
  149  10:22  Widow Mine x2  
  149  10:27  Marine, Marauder  
  148  10:29  Marine x2, Marauder  
  148  10:31  Marine  
  148  10:32  Marauder  
  145  10:40  Liberator  
  145  10:41  Marauder  
  150  10:43  Widow Mine x2  
  150  10:47  Terran Ship Weapons Level 1  
  144  10:51  Marine x6, Marauder  
  152  11:00  Marine x2, Marauder  
  152  11:02  Marine  
  160  11:05  Widow Mine x2  
  160  11:08  Marine  
  160  11:09  Marine x3  
  168  11:12  Ghost  
  168  11:13  Marine x2  
  168  11:17  Ghost  
  176  11:18  Marauder  
  176  11:20  Ghost  
  176  11:21  Ghost  
  179  11:26  Widow Mine, Marine  
  179  11:27  Widow Mine  
  179  11:32  Marine x2  
  171  11:40  Marauder  
  171  11:41  SCV x2  
  163  11:47  Terran Infantry Weapons Level 3  
  163  11:52  Ghost  
  163  11:53  Marine x2, Marauder x2  
  163  11:54  Marine x2  
  155  12:08  Medivac x2  
  143  12:11  Marine x2, Marauder  
  143  12:13  Marine, Marauder  
  143  12:14  Marine x2, Marauder  
  156  12:18  Marine, Marauder  
  156  12:21  Marine  
  160  12:29  Marine x2  
  162  12:30  Marine  
  162  12:32  Marine x2  
  162  12:33  Marauder  
  162  12:35  Marauder  
  169  12:37  Marine, Marauder  
  169  12:38  Medivac  
  169  12:41  Marine, Marauder  
  177  12:47  Marine x2  
  177  12:48  Marine, Medivac  
  177  12:49  Marine  
  183  12:54  Marauder  
  183  12:55  Marine  
  183  12:56  Marine, Marauder  
  189  12:59  Marine, Marauder  
  189  13:04  Marine, Marauder  
  192  13:07  Marine x2  
  192  13:08  Medivac  
  186  13:14  Marine  
  186  13:16  Marauder  
  186  13:17  Marauder  
  186  13:18  Medivac  
  186  13:19  Widow Mine  
  197  13:20  Widow Mine, Marine  
  197  13:21  Marauder  
  179  13:30  Marine  
  179  13:31  Marauder  
  134  13:34  Marine  
  134  13:35  Marauder  
  134  13:36  Marine  
  134  13:37  Marauder  
  134  13:38  Medivac  
  134  13:41  Marine, Marauder  
  122  13:46  Marauder  
  125  13:51  Marine  
  125  13:52  Marauder  
  123  13:58  Marine  
  123  13:59  Marauder  
  119  14:04  Medivac  
  119  14:08  Medivac  
  119  14:09  Marauder  
  118  14:10  Orbital Command  
  118  14:16  Marauder  
  120  14:22  Marine x2  
  120  14:23  Marauder  
  124  14:26  Marine  
  125  14:34  Marine x2, Marauder  
  125  14:35  Widow Mine  
  126  14:43  Marine x2, Marauder  
  126  14:44  Marine  
  126  14:45  Marauder  
  132  14:48  Marauder  
  132  14:49  Orbital Command  
  131  14:53  Marine  
  131  14:54  Marauder  
  102  15:00  Marauder  
  102  15:01  Marine  
  102  15:05  Marauder  
  102  15:06  Marine  
  76  15:18  Marine  
  73  15:31  Marine  
  74  15:44  SCV x2  
  74  15:47  SCV  
  77  15:59  SCV, Marine x2  
  77  16:00  Marine  
  77  16:02  Marine  
  82  16:05  SCV  
  82  16:09  SCV  
  84  16:12  Marine  
  84  16:15  SCV  
  85  16:25  Missile Turret  
Tags
 
Add a new tag
Caveats
  • Supply blocks, unpowered buildings, or Contaminate may cause inaccurate times.
  • Supply counts are checked every 10 seconds.